 Dungeon Crawl Stone Soup version 0.29.1-1-gd02db6906a (webtiles) character file.

Game seed: 10882597530986355182

11 groovy9 the Sneak (level 2, 0/18 HPs)
             Began as a Kobold Brigand on Sept 15, 2022.
             Slain by a goblin
             ... wielding a +0 club
              (3 damage)
             ... on level 1 of the Dungeon.
             The game lasted 00:01:21 (347 turns).

groovy9 the Sneak (Kobold Brigand)                   Turns: 347, Time: 00:01:22

Health: 0/18       AC:  3    Str:  8    XL:     2   Next: 35%
Magic:  2/2        EV: 14    Int: 12    God:
Gold:   11         SH:  0    Dex: 16    Spells: 1/1 levels left

rFire   . . .      SeeInvis .   a - +2 dagger
rCold   . . .      Faith    .   (no shield)
rNeg    . . .      Spirit   .   b - +0 robe
rPois   .          Reflect  .   (no helmet)
rElec   .          Harm     .   c - +0 cloak
rCorr   .          Rampage  .   (no gloves)
Will    .....                   (no boots)
Stlth   ++++......              (no amulet)
HPRegen 0.06/turn               (no ring)
MPRegen 0.08/turn               (no ring)

@: no status effects
A: small, no large weapons, nightstalker 3
a: no special abilities


You were on level 1 of the Dungeon.
You visited 1 branch of the dungeon, and saw 1 of its levels.

You collected 11 gold pieces.

Inventory:

Hand Weapons
 a - a +2 dagger (weapon)
Missiles
 d - 9 poisoned darts (quivered)
 e - 3 curare-tipped darts
Armour
 b - a +0 robe (worn)
 c - a +0 cloak (worn)
Potions
 f - a potion of invisibility {unknown}


   Skills:
 + Level 2.4 Fighting
 + Level 3.0 Short Blades
 + Level 2.4 Throwing
 + Level 1.6 Dodging
 + Level 5.4 Stealth


You had one spell level left.
You didn't know any spells.
Your spell library was empty.

Dungeon Overview and Level Annotations

Branches:
Dungeon (1/15)

Altars:


Innate Abilities, Weirdness & Mutations

You are small and have problems with some larger weapons.
You are completely attuned to the shadows.


Message History

The goblin attacks as you move away! The goblin barely misses you.
The giant cockroach attacks as you move away!
The giant cockroach bites you but does no damage.
The giant cockroach completely misses you.
The kobold attacks as you move away! The kobold barely misses you.
The kobold attacks as you move away! The kobold hits you with a +0 club.
The goblin attacks as you move away! The goblin barely misses you.
The giant cockroach attacks as you move away!
The giant cockroach bites you but does no damage.
The giant cockroach bites you but does no damage.
Okay, then.
You are too injured to fight recklessly!
The shining eye turns its gaze towards you.
You hit the giant cockroach.
The giant cockroach is heavily wounded.
The giant cockroach barely misses you.
You barely miss the giant cockroach.
The giant cockroach is heavily wounded.
The great orb of eyes turns its gaze towards you.
The goblin hits you but does no damage. The giant cockroach bites you.
You hit the giant cockroach.
You kill the giant cockroach!
The goblin hits you with a +0 club.
* * * LOW HITPOINT WARNING * * *
You hit the kobold.
The kobold is severely wounded.
The kobold hits you with a +0 club.
* * * LOW HITPOINT WARNING * * *
You hit the kobold.
You kill the kobold!
The goblin hits you but does no damage. The goblin closely misses you.
Your Short Blades skill increases to level 3!
The goblin hits you but does no damage. The goblin completely misses you.
Things that are here:
a +0 club; a kobold corpse The goblin closely misses you.
You hit the goblin.
The goblin is moderately wounded.
The goblin hits you with a +0 club.
You die...

###...........#
#.............#
#.............
#............
###...........###########
#......................
##......................
#.......................
#...###@..###...........
#...#G#gg.#G#...........
#...###...###...........
#.......................
#....).._.....##........
#.............##........
#...###...###.##........
#...#G#...#G#.##........
#...###...###.##........


You could see a great orb of eyes, a shining eye and 2 goblins.

Vanquished Creatures
  A ball python (D:1)
  A bat (D:1)
  An endoplasm (D:1)
  2 giant cockroaches (D:1)
  3 kobolds (D:1)
  A rat (D:1)
9 creatures vanquished.

Notes
Turn   | Place    | Note
-------+----------+-------------------------------------------
     0 | D:1      | groovy9 the Kobold Brigand began the quest for the Orb.
     0 | D:1      | Reached XP level 1. HP: 12/12 MP: 1/1
   266 | D:1      | Noticed a shining eye
   268 | D:1      | Noticed a shining eye
   277 | D:1      | Found a faded altar of an unknown god.
   277 | D:1      | Noticed a great orb of eyes
   282 | D:1      | Noticed a great orb of eyes
   298 | D:1      | Reached XP level 2. HP: 18/18 MP: 2/2
   347 | D:1      | Slain by a goblin

Illustrated notes

Levels and vault maps discovered:
D:1:      dpeg_arrival_houses_and_road, layout_basic,
          hellmonk_ecumenical_altar_watching_god, chequers_hall_statues_corner_a

Skill      XL: |  1  2 |
---------------+-------+-----
Short Blades   | 3 |  3.0
Fighting       | |  2.4
Throwing       | |  2.4
Dodging        | |  1.6
Stealth        | |  5.4

Action                   || total
-------------------------++-------
Melee: Dagger            ||    26
       Punch             ||     1
Throw: Dart              ||     3
 Stab: Sleeping          ||     4
Armor: Robe              ||    10
Dodge: Dodged            ||    25
